 Dungeon Crawl Stone Soup version 0.9.0-15-g1b13fe2 character file.

780 zombat the Covered (level 7, -1/59 HPs)
             Began as a Mountain Dwarf Fighter on Aug 23, 2011.
             Slain by Shakkara's ghost (8 damage)
             ... on Level 5 of the Dungeon.
             The game lasted 00:14:55 (3973 turns).

zombat the Covered (Mountain Dwarf Fighter)         Turns: 3973, Time: 00:14:55

HP  -1/59        AC  7     Str 20      XL: 7   Next: 15%
MP   4/4         EV  6     Int  8      God:
Gold 241         SH 24     Dex 11      Spells:  0 memorised,  6 levels left

Res.Fire  : . . .   See Invis. : .   a - +0,+1 dwarf hand axe
Res.Cold  : . . .   Warding    : . . b - +0 dwarf scale mail
Life Prot.: . . .   Conserve   : .   c - +1 dwarf shield
Res.Acid. : . . .   Res.Corr.  : .   (no helmet)
Res.Poison: .       Clarity    : .   (no cloak)
Res.Elec. : .       Spirit.Shd : .   (no gloves)
Sust.Abil.: . .     Stasis     : .   (no boots)
Res.Mut.  : .       Ctrl.Telep.: .   (no amulet)
Res.Rott. : .       Levitation : .   (no ring)
Saprovore : . . .   Ctrl.Flight: .   e - cursed ring of hunger {unknown}

@: slightly resistant to hostile enchantments, extremely unstealthy
A: no striking features
a: no special abilities


You were on level 5 of the Dungeon.
You were not hungry.

You visited 1 branch of the dungeon, and saw 5 of its levels.

You collected 221 gold pieces.

Inventory:

Hand weapons
 a - a +0,+1 dwarven hand axe (weapon)
Armour
 b - a +0 dwarven scale mail (worn)
 c - a +1 dwarven shield (worn)
Comestibles
 f - an orange
 k - a lychee
 n - a pear
 o - 2 apples
 q - 2 chokos
 s - 2 meat rations
Scrolls
 h - 3 scrolls of blinking
 m - 2 scrolls of detect curse
Jewellery
 e - a cursed ring of hunger (left hand) {unknown}
Potions
 g - a potion of brilliance {unknown}
 i - a potion of might {unknown}
 j - a potion of berserk rage {unknown}


   Skills:
 + Level 4 Fighting
 + Level 4 Axes
 + Level 6 Armour
 - Level 1 Dodging
 + Level 1 Stealth
 + Level 6 Shields
 + Level 1 Traps & Doors


You had 6 spell levels left.
You didn't know any spells.

Dungeon Overview and Level Annotations

Branches:
Dungeon (5/27)
 Temple: D:4-7

Altars:
Yredelemnul
Zin


Message History

Shakkara's ghost is moderately damaged.
Shakkara's ghost hits you. Shakkara's ghost barely misses you.
You closely miss Shakkara's ghost. Shakkara's ghost hits you!
You hit Shakkara's ghost.
Shakkara's ghost is moderately damaged.
You block Shakkara's ghost's attack.
You hit Shakkara's ghost.
Shakkara's ghost is severely damaged.
You block Shakkara's ghost's attack.
You hit Shakkara's ghost.
Shakkara's ghost is severely damaged.
Shakkara's ghost barely misses you.
You closely miss Shakkara's ghost. Shakkara's ghost hits you!
* * * LOW HITPOINT WARNING * * *
Shakkara's ghost hits you.
* * * LOW HITPOINT WARNING * * *
You hit Shakkara's ghost.
Shakkara's ghost is almost destroyed.
Shakkara's ghost hits you!
You die...

##### .....
########(....
#####............
.................
#...............
#...#...@....###
. #<..p....#
#........#
#........#
#####....# ####.#
.# .# .#


You could see Shakkara's ghost.

Vanquished Creatures
  A phantom (D:3)
  An ogre (D:4)
  A giant frog (D:5)
  A hound (D:4)
  An iguana (D:4)
  A hound skeleton (D:4)
  3 scorpions (D:4)
  Ijyb (D:3)
  4 snakes
  4 giant geckos
  2 oozes
  3 orcs (D:3)
  8 bats
  7 hobgoblins
  6 jackals
  10 kobolds
  7 giant cockroaches
  4 giant newts
  13 goblins
  11 rats
89 creatures vanquished.

Vanquished Creatures (others)
  A hobgoblin (D:2)
  A giant gecko (D:2)
  A rat (D:3)
  4 toadstools
7 creatures vanquished.

Grand Total: 96 creatures vanquished

Notes
Turn   | Place    | Note
--------------------------------------------------------------
     0 | D:1      | zombat, the Mountain Dwarf Fighter, began the quest for the Orb.
     0 | D:1      | Reached XP level 1. HP: 19/19 MP: 0/0
   160 | D:1      | Reached XP level 2. HP: 22/27 MP: 1/1
  1315 | D:2      | Reached XP level 3. HP: 33/33 MP: 2/2
  1759 | D:3      | Reached skill level 5 in Armour
  1940 | D:3      | Found a glowing silver altar of Zin.
  1991 | D:3      | Found a basalt altar of Yredelemnul.
  2082 | D:3      | Reached skill level 1 in Dodging
  2082 | D:3      | Reached skill level 5 in Shields
  2082 | D:3      | Reached XP level 4. HP: 27/40 MP: 2/2
  2082 | D:3      | Reached XP level 5. HP: 31/46 MP: 3/3
  2148 | D:3      | Noticed Ijyb
  2175 | D:3      | Defeated Ijyb
  2580 | D:4      | Reached skill level 6 in Armour
  3023 | D:4      | Reached XP level 6. HP: 40/53 MP: 4/4
  3818 | D:4      | Reached XP level 7. HP: 59/59 MP: 4/4
  3862 | D:5      | Entered Level 5 of the Dungeon
  3875 | D:5      | Noticed Shakkara's ghost (average HOGl)
  3929 | D:5      | Reached skill level 1 in Stealth
  3929 | D:5      | Reached skill level 1 in Traps & Doors
  3973 | D:5      | Slain by Shakkara's ghost
